Map: Acropolis LE

Players

A.I. 1 (Harder) - Winner!

  • Race: Zerg Zerg
  • Spawn Location: 11:00

larsgj

  • Race: Terran Terran
  • Spawn Location: 5:00

VOD

Have the link to the VOD?

Description

Time

  • Played on: Feb. 5, 2020, 4:22 p.m.
  • Length: 20:54
Show
View Real Time Build Order
Export as new Build Order

A.I. 1 (Harder) Zerg - Winner!

Build Orders: 1 Base Baneling Bust, Pool First 

Get SALT Encoding   

  12  0:00  Drone  
  13  0:12  Overlord  
  13  0:16  Drone  
  14  0:31  Drone x2  
  16  0:42  Spawning Pool  
  15  0:45  Drone  
  15  0:49  Drone  
  17  0:53  Extractor  
  17  0:56  Drone  
  17  1:06  Overlord  
  17  1:31  Queen, Zergling x2  
  20  1:36  Zergling x2  
  20  1:37  Roach Warren  
  20  1:38  Drone  
  21  1:42  Extractor  
  20  1:49  Drone  
  21  2:00  Drone  
  22  2:11  Zergling x2  
  23  2:21  Drone  
  24  2:32  Overlord  
  24  2:36  Lair  
  24  2:38  Drone  
  25  2:48  Zergling x2  
  26  3:01  Zergling x2  
  26  3:05  Zergling x2  
  28  3:16  Overlord  
  28  3:31  Drone  
  28  3:33  Metabolic Boost  
  29  3:35  Drone  
  29  3:36  Infestation Pit  
  29  3:39  Drone  
  30  3:43  Drone  
  30  3:46  Drone  
  32  3:51  Drone  
  34  3:55  Drone  
  34  4:04  Overlord  
  34  4:12  Infestor  
  34  4:14  Evolution Chamber  
  34  4:15  Drone  
  34  4:17  Infestor  
  36  4:21  Infestor  
  40  4:30  Infestor  
  42  4:42  Baneling Nest  
  42  4:43  Drone  
  42  4:55  Roach  
  42  4:59  Overlord  
  44  5:02  Roach  
  46  5:08  Roach  
  48  5:16  Hydralisk Den  
  48  5:18  Drone  
  48  5:26  Roach  
  50  5:33  Roach  
  48  5:46  Hydralisk  
  50  5:52  Hydralisk  
  52  5:59  Hydralisk  
  54  6:09  Zerg Melee Weapons Level 1  
  54  6:26  Hatchery  
  53  6:50  Spore Crawler  
  53  6:53  Spore Crawler  
  51  6:54  Drone  
  52  7:14  Burrow  
  52  7:17  Spine Crawler  
  52  7:18  Roach, Spine Crawler  
  52  7:25  Roach  
  52  7:27  Overlord  
  54  7:31  Roach  
  56  7:37  Roach  
  56  7:39  Drone x2  
  56  7:40  Drone x5  
  65  7:48  Drone  
  65  7:50  Extractor, Overlord  
  65  7:55  Roach, Drone x2  
  69  7:59  Drone  
  69  8:00  Spore Crawler  
  69  8:02  Drone, Spore Crawler  
  69  8:03  Zerg Ground Armor Level 1  
  69  8:04  Extractor  
  68  8:10  Drone  
  69  8:13  Drone  
  70  8:21  Drone  
  70  8:24  Drone, Overseer  
  70  8:26  Hydralisk  
  72  8:27  Drone  
  72  8:30  Overlord  
  72  8:33  Drone  
  76  8:35  Hydralisk  
  78  8:42  Drone  
  78  8:46  Drone, Overseer  
  80  8:52  Hydralisk, Evolution Chamber, Pneumatized Carapace  
  81  9:00  Roach, Overseer  
  83  9:07  Hatchery  
  82  9:18  Zerg Missile Weapons Level 1, Overlord  
  82  9:22  Roach  
  84  9:26  Infestor x2  
  84  9:27  Infestor  
  82  9:37  Hive  
  82  9:38  Zergling x2  
  67  9:43  Roach  
  59  9:48  Roach  
  61  9:53  Roach  
  61  9:58  Roach  
  63  10:03  Roach  
  65  10:08  Roach  
  65  10:13  Roach  
  69  10:18  Roach  
  71  10:23  Roach  
  71  10:28  Roach  
  75  10:32  Hydralisk  
  75  10:35  Drone  
  78  10:37  Hydralisk, Drone  
  78  10:39  Drone  
  78  10:41  Drone  
  78  10:42  Hydralisk  
  83  10:44  Drone  
  83  10:46  Drone  
  83  10:47  Infestor  
  83  10:48  Drone, Viper  
  93  10:54  Drone  
  93  10:56  Overlord  
  94  10:59  Drone  
  94  11:04  Zerg Melee Weapons Level 2  
  95  11:05  Drone  
  95  11:07  Drone  
  95  11:08  Drone  
  95  11:09  Drone  
  99  11:11  Drone  
  99  11:13  Drone  
  99  11:16  Overlord  
  99  11:18  Drone  
  102  11:22  Drone  
  103  11:26  Drone  
  103  11:29  Drone  
  103  11:31  Zerg Ground Armor Level 2  
  105  11:33  Drone  
  105  11:37  Drone  
  105  11:39  Overlord, Drone  
  109  11:40  Drone x2  
  110  11:49  Pathogen Glands  
  110  11:51  Glial Reconstitution  
  110  11:55  Spire  
  110  12:00  Drone  
  110  12:08  Spine Crawler  
  109  12:10  Drone  
  109  12:11  Spine Crawler  
  109  12:14  Drone, Spore Crawler  
  109  12:17  Drone  
  109  12:18  Spore Crawler  
  109  12:19  Drone  
  109  12:21  Queen  
  112  12:25  Queen  
  112  12:29  Queen  
  116  12:32  Overlord  
  116  12:37  Ultralisk Cavern  
  116  12:38  Drone  
  116  12:42  Spine Crawler  
  116  12:43  Drone  
  116  12:44  Spine Crawler  
  116  12:47  Drone  
  116  13:01  Extractor  
  116  13:04  Extractor  
  114  13:08  Greater Spire  
  114  13:10  Corruptor  
  116  13:18  Zergling x2, Infestor  
  114  13:20  Overlord, Drone x2  
  109  13:29  Hydralisk  
  109  13:33  Hydralisk  
  99  13:38  Hydralisk  
  95  13:43  Roach  
  95  13:47  Hydralisk  
  91  13:52  Roach  
  93  13:56  Roach  
  98  14:10  Zerg Missile Weapons Level 2  
  98  14:19  Corruptor  
  98  14:20  Zerg Flyer Weapons Level 1, Brood Lord  
  102  14:31  Hatchery  
  102  14:33  Drone  
  102  14:44  Zerg Melee Weapons Level 3  
  102  14:57  Corruptor  
  102  14:58  Brood Lord  
  106  15:35  Corruptor, Brood Lord  
  110  15:44  Queen  
  112  15:53  Extractor  
  112  15:54  Drone  
  112  15:57  Drone, Spore Crawler  
  111  15:59  Spore Crawler  
  111  16:00  Drone  
  111  16:02  Drone, Spore Crawler  
  112  16:04  Extractor, Drone  
  112  16:11  Ultralisk  
  112  16:14  Zerg Flyer Armor Level 1  
  118  16:20  Ultralisk  
  124  16:26  Zerg Ground Armor Level 3  
  124  16:27  Ultralisk  
  124  16:29  Spine Crawler  
  124  16:30  Drone, Spine Crawler  
  124  16:32  Drone  
  130  16:33  Overlord, Ultralisk  
  136  16:41  Ultralisk  
  136  16:45  Zergling x2  
  137  16:49  Overseer  
  137  16:50  Roach  
  137  16:52  Overlord  
  126  16:54  Roach  
  126  16:58  Infestor  
  115  17:02  Hydralisk  
  115  17:03  Overseer  
  115  17:07  Roach  
  111  17:11  Hydralisk, Overlord  
  111  17:13  Viper  
  111  17:15  Hydralisk  
  116  17:19  Hydralisk  
  120  17:23  Zerg Missile Weapons Level 3  
  120  17:24  Infestor  
  120  17:28  Infestor  
  124  17:31  Overlord  
  124  17:32  Chitinous Plating  
  124  17:49  Overlord  
  124  18:01  Overseer  
  124  18:08  Zerg Flyer Weapons Level 2  
  124  18:51  Spire  
  124  18:53  Drone  
  124  19:21  Ultralisk  
  124  19:28  Roach, Overlord  
  124  19:29  Hatchery  
  123  19:36  Roach  
  120  19:41  Roach  
  120  19:43  Roach  
  120  19:46  Overlord, Zergling x2  
  120  19:47  Evolution Chamber  
  120  19:48  Roach  
  120  19:50  Roach  
  124  19:53  Roach  
  124  19:55  Roach  
  128  20:04  Roach, Overlord  
  128  20:06  Hydralisk  
  132  20:08  Hydralisk  
  132  20:10  Hydralisk  
  136  20:22  Roach, Overlord  
  136  20:25  Roach  
  136  20:27  Roach  
  142  20:29  Roach  
  148  20:47  Extractor  
  148  20:49  Spore Crawler  
  152  20:51  Spore Crawler  
Show
View Real Time Build Order
Export as new Build Order

larsgj Terran 

Build Orders:  

Get SALT Encoding   

  12  0:01  SCV  
  13  0:17  SCV  
  14  0:22  Supply Depot  
  14  0:35  SCV  
  15  0:41  Supply Depot  
  15  0:47  SCV  
  15  0:48  Barracks  
  16  0:59  SCV  
  17  1:09  Supply Depot  
  17  1:11  SCV  
  18  1:24  SCV  
  19  1:35  Barracks, Marine  
  19  1:36  SCV  
  21  1:48  SCV  
  21  1:53  Marine  
  23  2:00  SCV  
  24  2:06  Refinery  
  24  2:09  Refinery  
  24  2:11  Marine  
  24  2:12  SCV  
  24  2:15  Supply Depot  
  26  2:24  SCV  
  26  2:25  Engineering Bay  
  26  2:29  Marine  
  28  2:31  Marine  
  28  2:36  SCV  
  30  2:47  Marine  
  30  2:48  SCV  
  33  2:53  Barracks Tech Lab  
  33  2:57  Supply Depot  
  32  3:00  SCV  
  32  3:04  Marine  
  34  3:10  Factory  
  35  3:12  SCV  
  35  3:13  Marine  
  35  3:19  Combat Shield  
  36  3:25  SCV  
  37  3:31  Marine  
  38  3:37  Command Center  
  38  3:40  Marine  
  39  3:49  Marine  
  40  3:58  Marine  
  40  3:59  SCV  
  42  4:07  Marine  
  43  4:11  SCV  
  43  4:16  Terran Infantry Weapons Level 1  
  44  4:18  Armory  
  44  4:23  SCV  
  45  4:27  Marine x2  
  47  4:35  SCV  
  48  4:44  Refinery x2  
  48  4:47  SCV  
  48  4:51  Starport  
  49  4:59  SCV  
  50  5:06  Marine x2  
  52  5:11  SCV  
  53  5:23  Orbital Command, SCV, Marine  
  53  5:24  Marine  
  56  5:35  SCV  
  57  5:41  Marine  
  58  5:47  SCV  
  59  5:59  SCV  
  59  6:01  Starport  
  60  6:10  Terran Infantry Armor Level 1  
  60  6:11  SCV  
  60  6:12  Missile Turret  
  61  6:33  Missile Turret  
  61  6:42  Bunker  
  61  6:53  Missile Turret  
  61  7:01  Orbital Command  
  61  7:14  Missile Turret  
  61  7:15  Medivac x2  
  65  7:16  Bunker  
  65  7:32  Fusion Core  
  65  7:38  Terran Vehicle And Ship Armor Level 1  
  65  7:40  Missile Turret  
  65  7:45  Medivac  
  65  7:49  Bunker  
  67  7:53  Supply Depot  
  67  8:01  Missile Turret  
  67  8:04  Terran Infantry Weapons Level 2  
  67  8:06  Marine x2  
  69  8:15  Supply Depot  
  69  8:22  Bunker  
  69  8:23  SCV, Missile Turret  
  69  8:24  Marine, Marauder  
  73  8:35  SCV  
  73  8:38  Supply Depot  
  74  8:43  Barracks Tech Lab  
  74  8:44  Missile Turret  
  74  8:46  Marauder  
  74  8:48  Starport Tech Lab  
  76  8:49  Starport Tech Lab  
  76  8:55  Bunker  
  76  9:00  Supply Depot  
  76  9:06  Missile Turret  
  76  9:07  Marauder  
  78  9:20  Command Center  
  78  9:23  Supply Depot  
  78  9:29  Marauder  
  78  9:32  Missile Turret  
  58  9:50  Marine  
  58  9:51  Marine  
  60  10:08  Marine  
  60  10:09  Marine  
  62  10:20  Hi-Sec Auto Tracking  
  62  10:26  Marine  
  62  10:27  Marine  
  64  10:37  Missile Turret  
  64  10:41  Medivac x2  
  68  10:44  Marine x2  
  70  10:53  Barracks  
  70  11:00  Terran Vehicle And Ship Armor Level 2  
  70  11:02  Marine x2  
  72  11:04  Rapid Reignition System  
  72  11:11  Medivac x2  
  72  11:17  Neosteel Armor  
  76  11:20  Marine x2  
  78  11:37  Marine  
  78  11:38  Marine  
  80  11:41  Medivac x2  
  76  11:55  Marine  
  76  11:56  Marine  
  78  12:11  Medivac x2  
  78  12:13  Marine  
  78  12:14  Marine, Command Center  
  84  12:23  Barracks Reactor  
  84  12:31  Marine x2  
  86  12:49  Marine x2  
  88  12:57  Terran Infantry Armor Level 2  
  88  13:00  Refinery  
  88  13:06  Marine  
  88  13:07  Marine, Marauder  
  88  13:08  Marauder  
  94  13:24  Marine x2  
  78  13:28  Marine x2  
  67  13:42  Marine x2  
  67  13:46  Marine x2  
  70  13:58  SCV  
  70  14:00  Marine x2  
  70  14:01  Refinery  
  73  14:03  Marine  
  73  14:04  Marine  
  75  14:10  SCV  
  76  14:17  Marine  
  76  14:18  Marine  
  76  14:21  Marine  
  76  14:22  Marine, SCV  
  81  14:35  Marine  
  81  14:36  Marine  
  84  14:39  Marine  
  85  14:56  SCV  
  85  15:00  Marine x4  
  89  15:08  SCV  
  89  15:13  Terran Infantry Weapons Level 3  
  90  15:17  Marine  
  90  15:18  Marine x3  
  94  15:27  Medivac  
  96  15:35  Marine  
  96  15:36  Marine x3  
  100  15:53  Marine  
  100  15:54  Marine, Marauder x2  
  100  15:56  Orbital Command  
  106  16:01  Medivac x2  
  110  16:11  Marine x2  
  110  16:16  Marauder x2  
  116  16:29  Marine x2  
  116  16:31  Medivac  
  120  16:36  Marine x2  
  122  16:47  Marine x2  
  120  16:54  Marine x2  
  118  17:03  Terran Vehicle And Ship Armor Level 3  
  118  17:04  Marine  
  118  17:05  Marine  
  120  17:11  Medivac x2  
  120  17:12  Marine x2  
  126  17:22  Marine  
  127  17:23  Marine  
  128  17:30  Marine x2  
  130  17:40  Marine x2  
  132  17:48  Marine  
  132  17:49  Marine, Medivac x2  
  132  17:50  Terran Infantry Armor Level 3  
  138  17:58  Marine x2  
  140  18:05  Marine  
  140  18:08  Supply Depot  
  141  18:30  Marine x4  
  141  18:31  Supply Depot  
  145  18:47  Marine x3  
  145  18:48  Marine  
  149  18:58  Supply Depot  
  149  19:05  Marine x3  
  149  19:06  Marine  
  153  19:20  Supply Depot  
  153  19:23  Marine x4  
  129  19:41  Marine x4  
  129  19:44  Supply Depot  
  86  19:59  Marine x4  
  96  20:16  Marine x3  
  96  20:17  Marine  
  100  20:25  Starport  
  100  20:34  Marine x2  
  102  20:35  Starport  
Tags
 
Add a new tag
Caveats
  • Supply blocks, unpowered buildings, or Contaminate may cause inaccurate times.
  • Supply counts are checked every 10 seconds.